 Dungeon Crawl Stone Soup version 0.18-a0-1197-g8004e50 (webtiles) character file.

229310 Duffy the Wrestler (level 19, -1/170 HPs)
             Began as a Minotaur Monk on Jan 30, 2016.
             Was a High Priest of Cheibriados.
             Slain by a tengu reaver
             ... wielding a +2 war axe of chopping
              (20 damage)
             ... on level 4 of the Depths.
             The game lasted 00:49:58 (40356 turns).

Duffy the Wrestler (Minotaur Monk)                 Turns: 40356, Time: 00:49:58

Health: -1/170     AC: 21    Str: 40    XL:     19   Next: 9%
Magic:  25/25      EV: 22    Int: 23    God:    Cheibriados [*****.]
Gold:   2889       SH:  0    Dex: 26    Spells: 2 memorised, 10 levels left

rFire  + . .     SeeInvis .       - Unarmed
rCold  . . .     Gourm    .     B - +0 plate armour {rPois}
rNeg   + . .     Faith    +     (no shield)
rPois  +         Spirit   .     x - +2 hat
rElec  .         Dismiss  .     (no cloak)
rCorr  .         Reflect  .     O - +0 pair of gloves
SustAt .         Harm     .     f - +0 pair of boots
MR     ++...                    Z - amulet of faith
Stlth  ..........               c - ring of the Nine Tales {rF+ rN+ Str+6}
                                R - ring "Vemash" {*Drain MR+ Slay+2 Stlth+}

@: very slow, very resistant to hostile enchantments, extremely unstealthy
A: retaliatory headbutt, horns 2
a: Bend Time, Temporal Distortion, Slouch, Step From Time, Renounce Religion


You were on level 4 of the Depths.
You worshipped Cheibriados.
Cheibriados was extremely pleased with you.
You were hungry.

You visited 5 branches of the dungeon, and saw 30 of its levels.
You also visited: Labyrinth and Trove.

You collected 3221 gold pieces.
You spent 332 gold pieces at shops.


Innate Abilities, Weirdness & Mutations

You reflexively headbutt those who attack you in melee.
You have a pair of horns on your head.


   Skills:
 - Level 15.2 Fighting
 - Level 13.8 Armour
 - Level 12.9 Dodging
 - Level 1.5 Stealth
 + Level 26.2 Unarmed Combat
 - Level 10.0 Invocations


You had 10 spell levels left.
You knew the following spells:

 Your Spells              Type           Power        Failure   Level  Hunger
a - Regeneration          Chrm/Necr      #.........   99%         3    ####...
b - Blade Hands           Trmt           #.........   100%        5    ######.

Inventory:

Missiles
 k - 4 throwing nets (quivered)
 v - 58 poisoned needles
 H - 8 curare-tipped needles
Armour
 f - a +0 pair of boots (worn)
 x - a +2 hat (worn)
 B - a +0 plate armour of poison resistance (worn)
 O - a +0 pair of gloves (worn)
Jewellery
 c - the ring of the Nine Tales (right hand) {rF+ rN+ Str+6}

   [ring of strength]

   It affects your strength (+6).
   It protects you from fire.
   It protects you from negative energy.
 d - the ring of Yxeidwodd {+Fly rPois rC+ rN+ Str-3}

   [ring of flight]

   It affects your strength (-3).
   It protects you from cold.
   It protects you from poison.
   It protects you from negative energy.
   It lets you fly.
 i - the ring "Fyepsih" {rCorr rF+ Int+2 Dex+4}

   [ring of resist corrosion]

   It affects your intelligence (+2).
   It affects your dexterity (+4).
   It protects you from fire.
 l - the ring "Adiff" {MR+ Str+4}

   [ring of protection from magic]

   It affects your strength (+4).
   It affects your resistance to hostile enchantments.
 m - an uncursed ring of see invisible
 o - the ring of Fixation {rC+ rN+}

   [ring of protection from cold]

   It protects you from cold.
   It protects you from negative energy.
 r - an uncursed ring of poison resistance
 s - the ring of Meipnud {SustAt *Confuse rF+++ rN+ Int+3}

   [ring of sustain attributes]

   It sustains your strength, intelligence and dexterity.
   It affects your intelligence (+3).
   It renders you almost immune to fire.
   It protects you from negative energy.
   It may confuse you when you take damage.
 D - the ring "Noerillao" {SustAt +Inv +Fly Int-5 Stlth+}

   [ring of sustain attributes]

   It sustains your strength, intelligence and dexterity.
   It affects your intelligence (-5).
   It lets you turn invisible.
   It lets you fly.
   It makes you more stealthy.
 L - an uncursed ring of positive energy {unknown}
 R - the ring "Vemash" (left hand) {*Drain MR+ Slay+2 Stlth+}

   [ring of stealth]

   It affects your accuracy and damage with ranged weapons and melee attacks
   (+2).
   It affects your resistance to hostile enchantments.
   It causes draining when unequipped.
   It makes you more stealthy.
 Z - an amulet of faith (around neck)
Wands
 t - a wand of digging (16/24)
 y - a wand of confusion (22/48)
 A - a wand of draining (5/15)
 V - a wand of disintegration (0/24)
 Y - a wand of draining (8/15)
Scrolls
 n - 2 scrolls of summoning
 q - 8 scrolls of blinking
 w - 2 scrolls of fear
 G - 4 scrolls of identify
 K - 4 scrolls of magic mapping
 M - 12 scrolls of recharging
 S - 4 scrolls of remove curse
 T - 14 scrolls of teleportation
 U - 4 scrolls of fog
Potions
 e - 3 potions of cure mutation
 h - 7 potions of flight
 j - 2 potions of resistance
 p - 5 potions of curing
 z - a potion of cancellation
 C - 7 potions of might
 F - 3 potions of heal wounds
 J - 2 potions of lignification
 N - a potion of ambrosia {unknown}
 W - 2 potions of haste
 X - 5 potions of agility
Miscellaneous
 u - a phial of floods
Comestibles
 a - 16 meat rations
 b - 10 bread rations
 g - 4 chunks of flesh
 Q - 39 fruits

Dungeon Overview and Level Annotations

Branches:
Dungeon (15/15)            Temple (1/1) D:6            Lair (8/8) D:9
 Shoals (0/4) Lair:6        Snake (0/4) Lair:3        Slime (0/6) Lair:7
    Orc (2/2) D:9             Elf (0/3) Orc:2        Vaults (0/5) D:13
 Depths (4/5) D:15

Altars:
Ashenzari
Cheibriados
Dithmenos
Elyvilon
Fedhas
Gozag
Kikubaaqudgha
Makhleb
Nemelex Xobeh
Okawaru
Pakellas
Qazlal
Ru
Sif Muna
Trog
Vehumet
Xom
Yredelemnul
Zin
The Shining One
Beogh
Jiyva

Shops:
D:7 %   Orc:2 [*(*[   Depths:1 *   Depths:2 :

Portals:
Hell: Depths:1 Depths:3
Abyss: Depths:1 Depths:3
Pandemonium: Depths:3
Ziggurat: Depths:2

Annotations:
D:15 exclusion: ice statue
Lair:7 exclusion: oklob plant


Message History

The tengu reaver is moderately wounded.
You miss the tengu reaver. You headbutt the tengu reaver.
The tengu reaver is heavily wounded.
The tengu reaver closely misses you. The tengu reaver completely misses you.
The tengu reaver claws you but does no damage.
You hit the tengu reaver. Your headbutt misses the tengu reaver.
The tengu reaver is heavily wounded.
You barely miss the tengu reaver.
The tengu reaver is heavily wounded.
The tengu reaver hits you but does no damage.
The tengu reaver pecks you but does no damage.
The tengu reaver claws you but does no damage.
You barely miss the tengu reaver. You headbutt the tengu reaver!
The tengu reaver is heavily wounded.
You closely miss the tengu reaver.
You headbutt the tengu reaver, but do no damage.
Your punch misses the tengu reaver.
The tengu reaver is heavily wounded.
The tengu reaver blocks your attack.
Your headbutt misses the tengu reaver.
The tengu reaver is heavily wounded.
The tengu reaver hits you with a war axe of chopping!!
The tengu reaver barely misses you. The tengu reaver misses you.
The tengu reaver blocks your attack. x2
The tengu reaver is heavily wounded.
The tengu reaver blocks your attack.
You headbutt the tengu reaver, but do no damage.
The tengu reaver is heavily wounded.
The tengu reaver casts a spell at you. The bolt of poison misses you.
You pummel the tengu reaver!! Your headbutt misses the tengu reaver.
The tengu reaver is almost dead.
The tengu reaver blocks your attack.
The tengu reaver is almost dead.
The tengu reaver hits you with a war axe of chopping!!
You die...

##(.##
##).~~~.#........#+*+*,,,
####
##.~~~............,,,,,,
#................*,,,,,
###.....#........,,,,,,
##..)..#......#,,,,,,
#..)).*.......,,,,,,
#####.......#,,,,,,,
##.Q.........,,,,,,
*#.@#...Q..#..,,,,,,
#...##'#......,,,,,,
#......##.....,,,,,,
##....##*###'#**+***
##..## *,,.,,,,* ####
*,,,,,,,* **,,,,,**
*******


You could see a tengu reaver and a battlesphere.

Action                   |  1- 3 |  4- 6 |  7- 9 | 10-12 | 13-15 | 16-18 | 19-21 || total
-------------------------+-------+-------+-------+-------+-------+-------+-------++-------
Melee: Unarmed           |    99 |    69 |   214 |   497 |   880 |   778 |    36 ||  2573
Invok: Slouch            |       |       |       |     1 |    10 |    16 |     1 ||    28
       Temporal Distorti |       |       |       |       |       |     1 |       ||     1
Evoke: Wand              |       |       |       |       |     3 |     2 |       ||     5
  Use: Scroll            |       |       |    10 |    12 |     5 |    11 |       ||    38
       Potion            |       |       |     1 |       |     2 |       |     1 ||     4
 Stab: Distracted        |       |       |       |       |       |     1 |       ||     1
  Eat: Chunk             |     1 |     3 |     9 |     8 |    15 |     3 |       ||    39
       Pizza             |       |       |       |     8 |     2 |     1 |       ||    11
       Royal jelly       |       |       |       |     2 |     2 |     1 |       ||     5
       Bread ration      |       |       |       |       |       |     3 |       ||     3
       Beef jerky        |       |       |       |       |       |     1 |       ||     1

Notes
Turn   | Place    | Note
--------------------------------------------------------------
     0 | D:1      | Duffy the Minotaur Monk began the quest for the Orb.
     0 | D:1      | Reached XP level 1. HP: 19/19 MP: 0/0
   249 | D:1      | Reached XP level 2. HP: 23/26 MP: 1/1
   288 | D:1      | Reached skill level 5 in Unarmed Combat
   705 | D:1      | Reached XP level 3. HP: 31/31 MP: 2/2
  1007 | D:2      | Found a deep blue altar of Sif Muna.
  1011 | D:2      | Found a stormy altar of Qazlal.
  1069 | D:2      | Found a radiant altar of Vehumet.
  1152 | D:2      | Reached skill level 6 in Unarmed Combat
  1469 | D:3      | Noticed yogakurto's ghost (amateur HuAE)
  1481 | D:2      | Reached XP level 4. HP: 37/39 MP: 3/3
  1548 | D:3      | Reached XP level 5. HP: 45/45 MP: 4/4
  1562 | D:3      | Killed yogakurto's ghost
  1562 | D:3      | Reached skill level 8 in Unarmed Combat
  1562 | D:3      | Reached XP level 6. HP: 47/51 MP: 5/5
  1621 | D:3      | Noticed Grinder
  1633 | D:3      | Paralysed by Grinder for 2 turns
  1944 | D:4      | Reached skill level 1 in Armour
  2250 | D:4      | Found a blossoming altar of Fedhas.
  2286 | D:4      | Noticed slayr's ghost (amateur VSTm)
  2376 | D:4      | Killed slayr's ghost
  2376 | D:4      | Reached skill level 2 in Armour
  2376 | D:4      | Reached XP level 7. HP: 45/57 MP: 6/6
  2377 | D:4      | Reached skill level 3 in Armour
  2477 | D:4      | Found a shimmering altar of Xom.
  2584 | D:4      | Reached skill level 9 in Unarmed Combat
  3086 | D:4      | Reached skill level 15 in Unarmed Combat
  3086 | D:4      | Reached XP level 8. HP: 64/64 MP: 7/7
  3245 | D:3      | Found a glowing silver altar of Zin.
  3649 | D:3      | Paralysed by Grinder for 4 turns
  3665 | D:3      | Killed Grinder
  3665 | D:3      | Reached skill level 4 in Fighting
  3665 | D:3      | Reached skill level 4 in Armour
  3837 | D:5      | Entered Level 5 of the Dungeon
  3959 | D:5      | You fall through a shaft for 2 floors!
  4094 | D:6      | Found a staircase to the Ecumenical Temple.
  4111 | Temple   | Entered the Ecumenical Temple
  4231 | Temple   | Became a worshipper of Cheibriados the Contemplative
  4231 | Temple   | Reached * piety under Cheibriados
  4231 | Temple   | Reached ** piety under Cheibriados
  4549 | D:5      | Noticed Prince Ribbit
  4557 | D:5      | Killed Prince Ribbit
  4690 | D:5      | Reached skill level 5 in Armour
  4690 | D:5      | Reached XP level 9. HP: 71/73 MP: 8/8
  4880 | D:5      | Found a sacrificial altar of Ru.
  4998 | D:5      | Reached skill level 5 in Fighting
  5074 | D:6      | Noticed Sigmund
  5085 | D:6      | Killed Sigmund
  5085 | D:6      | Reached skill level 4 in Dodging
  5160 | D:6      | Reached *** piety under Cheibriados
  5315 | D:6      | Noticed namelastname112's ghost (novice VSMo)
  5321 | D:6      | Killed namelastname112's ghost
  5594 | D:7      | Noticed Joseph
  5602 | D:7      | Reached skill level 6 in Fighting
  5631 | D:7      | Killed Joseph
  5631 | D:7      | Reached skill level 6 in Armour
  5746 | D:7      | Found Cuuhuat's Food Emporium.
  5769 | D:7      | Reached skill level 5 in Dodging
  5780 | D:7      | Noticed Pikel
  6091 | D:8      | Reached **** piety under Cheibriados
  6156 | D:8      | Killed Pikel
  6156 | D:8      | Reached skill level 7 in Fighting
  6156 | D:8      | Reached XP level 10. HP: 81/86 MP: 9/9
  6409 | D:7      | Reached skill level 7 in Armour
  6415 | D:7      | Reached skill level 1 in Invocations
  6432 | D:7      | Reached skill level 2 in Invocations
  6803 | D:7      | Reached skill level 3 in Invocations
  6902 | D:8      | Found a white marble altar of Elyvilon.
  6902 | D:8      | Found a bloodstained altar of Trog.
  6903 | D:8      | Found an ancient bone altar of Kikubaaqudgha.
  6935 | D:8      | Found a shadowy altar of Dithmenos.
  6956 | D:8      | Found a shattered altar of Ashenzari.
  6968 | D:8      | Reached skill level 4 in Invocations
  7249 | D:8      | Reached skill level 5 in Invocations
  7259 | D:8      | Noticed a three-headed hydra
  7270 | D:8      | Killed a three-headed hydra
  7270 | D:8      | Reached ***** piety under Cheibriados
  7274 | D:8      | Reached skill level 6 in Invocations
  7469 | D:9      | Found a staircase to the Lair.
  7536 | D:9      | Reached XP level 11. HP: 88/92 MP: 14/14
  7575 | D:9      | Got a fine copper ring
  7632 | D:9      | Found an oddly glowing altar of Pakellas.
  7742 | D:9      | Identified the ring "Vemash" {*Drain MR+ Slay+2 Stlth+} (You found it on level 9 of the Dungeon)
  7822 | D:9      | Reached skill level 7 in Invocations
  7880 | D:9      | Found a staircase to the Orcish Mines.
  7889 | D:9      | Reached ****** piety under Cheibriados
  8078 | D:9      | Found a stormy altar of Qazlal.
  8183 | D:9      | Killed an unseen horror
  8183 | D:9      | Reached skill level 8 in Invocations
  8282 | D:10     | Entered Level 10 of the Dungeon
  8370 | D:10     | Found a glowing golden altar of the Shining One.
  8371 | D:10     | Reached skill level 6 in Dodging
  8465 | D:10     | Found a sacrificial altar of Ru.
  8829 | D:10     | Noticed a hill giant
  8835 | D:10     | Killed a hill giant
  8969 | Lair:1   | Entered Level 1 of the Lair of Beasts
  8975 | Lair:1   | Reached skill level 8 in Fighting
  9221 | Lair:1   | Reached skill level 8 in Armour
  9225 | Lair:1   | Reached skill level 7 in Dodging
  9764 | Lair:2   | Noticed a five-headed hydra
  9771 | Lair:2   | Killed a five-headed hydra
 10144 | Lair:2   | Reached XP level 12. HP: 97/103 MP: 17/17
 10736 | Lair:3   | Found a labyrinth entrance.
 10745 | Lab      | Entered a labyrinth
 10989 | Lab      | Noticed a minotaur
 10996 | Lab      | Killed a minotaur
 10996 | Lab      | Reached skill level 9 in Fighting
 10996 | Lab      | Reached skill level 16 in Unarmed Combat
 11150 | Lair:3   | Got a wavering wooden ring
 11462 | Lair:3   | Noticed a six-headed hydra
 11468 | Lair:3   | Killed a six-headed hydra
 11468 | Lair:3   | Reached skill level 9 in Armour
 11468 | Lair:3   | Reached skill level 8 in Dodging
 11607 | Lair:3   | Found a staircase to the Snake Pit.
 12169 | Lair:4   | Identified the ring of Meipnud {SustAt *Confuse rF+++ rN+ Int+3} (You found it on level 3 of the Lair of Beasts)
 12355 | Lair:4   | Noticed a five-headed hydra
 12360 | Lair:4   | Killed a five-headed hydra
 12607 | Lair:4   | Got a heavily runed steel ring
 12706 | Lair:4   | You fall through a shaft for 3 floors!
 12979 | Lair:7   | Reached skill level 9 in Dodging
 12981 | Lair:7   | Found a viscous altar of Jiyva.
 12981 | Lair:7   | Found a staircase to the Slime Pits.
 13042 | Lair:6   | Noticed a catoblepas
 13055 | Lair:6   | Killed a catoblepas
 13169 | Lair:6   | Reached skill level 10 in Armour
 13170 | Lair:6   | Reached skill level 10 in Fighting
 13552 | Lair:5   | Reached XP level 13. HP: 87/113 MP: 18/18
 14862 | Lair:6   | Reached skill level 11 in Armour
 14862 | Lair:6   | Reached skill level 10 in Dodging
 15061 | Lair:6   | Reached skill level 11 in Fighting
 15061 | Lair:6   | Reached skill level 17 in Unarmed Combat
 15082 | Lair:6   | Found a staircase to the Shoals.
 15101 | Lair:6   | Identified the ring "Ysutaal" {rPois rN+ Str-3 Int+7} (You found it on level 4 of the Lair of Beasts)
 15862 | Lair:7   | Found an ancient bone altar of Kikubaaqudgha.
 15862 | Lair:7   | Noticed Maud
 15873 | Lair:7   | Killed Maud
 16594 | Lair:8   | Entered Level 8 of the Lair of Beasts
 16613 | Lair:8   | Reached skill level 12 in Fighting
 16738 | Lair:8   | Reached XP level 14. HP: 126/126 MP: 19/19
 16951 | Lair:8   | Reached skill level 18 in Unarmed Combat
 16959 | Lair:8   | Reached skill level 13 in Fighting
 17572 | Lair:8   | Reached skill level 9 in Invocations
 19259 | D:11     | Found a deep blue altar of Sif Muna.
 19751 | D:12     | Reached skill level 10 in Invocations
 20301 | Orc:1    | Entered Level 1 of the Orcish Mines
 20390 | Orc:1    | You fall through a shaft!
 20390 | Orc:2    | Entered Level 2 of the Orcish Mines
 20390 | Orc:2    | Found Nehoor's Armour Shop.
 20390 | Orc:2    | Found a staircase to the Elven Halls.
 20496 | Orc:1    | Found a roughly hewn altar of Beogh.
 20538 | Orc:1    | Reached skill level 19 in Unarmed Combat
 21133 | Orc:2    | Noticed an orc warlord
 21143 | Orc:2    | Killed an orc warlord
 21143 | Orc:2    | Reached XP level 15. HP: 71/135 MP: 11/21
 21734 | Orc:2    | Reached skill level 20 in Unarmed Combat
 22091 | Orc:2    | Found Sutuada's Assorted Antiques.
 22091 | Orc:2    | Found Dyjagi Deto's Antique Weapon Emporium.
 22094 | Orc:2    | Found Nasoh's Assorted Antiques.
 22094 | Orc:2    | Found Tudiez's Armour Emporium.
 22216 | Orc:2    | Bought a scroll of identify for 42 gold pieces
 22217 | Orc:2    | Bought a scroll of blinking for 232 gold pieces
 22217 | Orc:2    | Bought a fuming orange potion for 27 gold pieces
 22217 | Orc:2    | Bought a scroll labeled XEGRARAUDI for 31 gold pieces
 22587 | D:13     | Noticed Nessos
 22589 | D:13     | Killed Nessos
 23440 | D:13     | Found a gate to the Vaults.
 24117 | D:13     | Learned a level 3 spell: Regeneration
 24398 | D:14     | Reached skill level 11 in Dodging
 24444 | D:14     | Reached skill level 12 in Armour
 24466 | D:14     | Got a polished cloak
 24472 | D:14     | Identified the +0 cloak of Light {MR- Str+4 Slay+2 Stlth+} (You found it on level 14 of the Dungeon)
 24613 | D:14     | Learned a level 5 spell: Blade Hands
 24934 | D:14     | Found a portal to a secret trove of treasure.
 24961 | Trove    | Entered a treasure trove
 24966 | Trove    | Got a flickering marble ring
 24968 | Trove    | Got a twitching lead ring
 24972 | Trove    | Got a heavily runed turquoise ring
 24974 | Trove    | Got a heavily runed bone ring
 24978 | Trove    | Got a steaming bronze ring
 24982 | Trove    | Got a glittering ivory ring
 24989 | Trove    | Got a faintly glowing jade ring
 24991 | Trove    | Got a faintly glowing golden amulet
 25004 | D:14     | Identified the ring of the Nine Tales {rF+ rN+ Str+6} (You found it in a treasure trove)
 25006 | D:14     | Identified the ring of Yxeidwodd {+Fly rPois rC+ rN+ Str-3} (You found it in a treasure trove)
 25008 | D:14     | Identified the ring "Fyepsih" {rCorr rF+ Int+2 Dex+4} (You found it in a treasure trove)
 25010 | D:14     | Identified the ring "Adiff" {MR+ Str+4} (You found it in a treasure trove)
 25012 | D:14     | Identified the ring of Fixation {rC+ rN+} (You found it in a treasure trove)
 25014 | D:14     | Identified the ring of Zaguowokh {*Contam rC+ Int+4} (You found it in a treasure trove)
 25016 | D:14     | Identified the ring "Noerillao" {SustAt +Inv +Fly Int-5 Stlth+} (You found it in a treasure trove)
 25029 | D:14     | Identified the amulet "Anwajolest" {Harm *Drain rElec rF+ Int-3} (You found it in a treasure trove)
 25598 | D:14     | Reached skill level 14 in Fighting
 26241 | D:15     | Entered Level 15 of the Dungeon
 26696 | D:15     | Reached skill level 12 in Dodging
 26704 | D:15     | Reached XP level 16. HP: 142/147 MP: 22/22
 26705 | D:15     | Noticed Louise
 26727 | D:15     | Killed Louise
 26727 | D:15     | Reached skill level 13 in Armour
 27730 | D:15     | Found a staircase to the Depths.
 28401 | Depths:1 | Entered Level 1 of the Depths
 28750 | Depths:1 | Reached skill level 15 in Fighting
 28918 | Depths:1 | Noticed a lich
 28919 | Depths:1 | Noticed Voda's ghost (adept OpAM)
 28922 | Depths:1 | Killed a lich
 28945 | Depths:1 | Killed Voda's ghost
 29566 | Depths:1 | Found Yhakuok's Demolitions Depot.
 30239 | Depths:1 | Found a one-way gate to the infinite horrors of the Abyss.
 30679 | Depths:1 | Found a gateway to Hell.
 30854 | Depths:2 | Reached skill level 21 in Unarmed Combat
 31163 | Depths:2 | Found a gateway to a ziggurat.
 31467 | Depths:2 | Found Toka's Book Shoppe.
 31640 | Depths:2 | Reached XP level 17. HP: 107/156 MP: 23/23
 32507 | Depths:2 | Reached skill level 22 in Unarmed Combat
 32669 | Depths:3 | Noticed a lich
 32681 | Depths:3 | Killed a lich
 32682 | Depths:3 | Noticed a juggernaut
 32688 | Depths:3 | Noticed a juggernaut
 32689 | Depths:3 | Killed a juggernaut
 32934 | Depths:3 | Killed a juggernaut
 33035 | Depths:3 | Reached skill level 23 in Unarmed Combat
 33876 | Depths:3 | Found a one-way gate leading to the halls of Pandemonium.
 34952 | Depths:3 | Noticed a lich
 34956 | Depths:3 | Killed a lich
 35233 | Depths:3 | Reached XP level 18. HP: 163/163 MP: 24/24
 35248 | Depths:3 | Reached skill level 24 in Unarmed Combat
 37700 | Depths:3 | Reached skill level 25 in Unarmed Combat
 39698 | Depths:4 | Paralysed by a giant eyeball for 2 turns
 39951 | Depths:4 | Noticed a tentacled monstrosity
 39961 | Depths:4 | Killed a tentacled monstrosity
 40207 | Depths:4 | Noticed a golden dragon
 40218 | Depths:4 | Killed a golden dragon
 40218 | Depths:4 | Reached skill level 26 in Unarmed Combat
 40218 | Depths:4 | Reached XP level 19. HP: 153/170 MP: 25/25
 40356 | Depths:4 | Slain by a tengu reaver

Vault maps used:
D:1:      grunt_arrival_lava_bath, nemelex_xobeh_ov_fountains_minmay
D:2:      nicolae_overflow_crystal_walls, fiery_altar_vehumet,
          overflow_temple_1_default
D:3:      zin_treasury, uniq_grinder
D:4:      xom_teletrap_fun, fedhas_altar_3
D:5:      kennysheep_little_box, first_bread, uniq_prince_ribbit1
D:6:      minmay_temple_entry_overgrown, uniq_sigmund
D:7:      serial_shops, kennysheep_mini_moat, minmay_misc_feat_five,
          grunt_potential, uniq_pikel, uniq_joseph
D:8:      gammafunk_temple_overflow_claw, cheibrodos_ashenzari_chains,
          nicolae_dithmenos_the_darkroom, hangedman_ranch, serial_park_tiny_2
D:9:      johnstein_pakellas_dig, grunt_lair_entry_orc_guard_hut,
          zombieorc2_lemuel, nicolae_qazlal_eye_of_the_storm
D:10:     basic_altar, nicolae_tso_carved_into_rock
D:11:     lemuel_blue_sif_altar
D:12:     serial_undead, serial_undead_d, serial_undead_b, serial_undead_d,
          serial_undead_a
D:13:     david_vaults_4, nicolae_water_bricks, uniq_nessos
D:14:     corexii_leaking_fountain, nicolae_trove_entry_crystal
D:15:     hangedman_depths_entry_try_elsewhere_first, ice2_lemuel, uniq_louise
Temple:   jpeg_temple_alley_garden_8
Lair:2:   grunt_megastairs_2
Lair:3:   minmay_snake_entry_guardpost_small, lab_entry_generic
Lair:5:   infiniplex_staircase_pool_2, serial_bayou_shore_b
Lair:6:   onia_ninara_swampy_vault, minmay_shoals_entry_centaurs,
          nicolae_lair_yak_garden, lemuel_fruit_fields
Lair:7:   minmay_lair_oklob_chamber, slime_altar_1, basic_altar, uniq_maud
Lair:8:   grunt_lair_end_beastmaster, lemuel_fruit_tree, serial_bayou_shore_b,
          grunt_megastairs_5
Orc:1:    basic_altar, nicolae_orc_flooded_monolith, nicolae_orc_tapped_out
Orc:2:    st_orc_pillars, serial_shops, nicolae_shop_stone
Depths:1: pf_hell_entry_tar_spiral, serial_bayou_shore_b,
          abyss_entry_small_statue_room, minmay_parallelograms,
          kennysheep_minor_cross, nicolae_blasting_shop
Depths:2: minmay_open_boxes_in_corner, enter_ziggurat_a, serial_shops, shop,
          nicolae_shop_competitors_out_of_business, nicolae_shop_behind_doors,
          nicolae_shop_window_shopping, abyss_entry_flame_altar,
          grunt_hell_entry_dis_mu, nicolae_wwwww, kennysheep_island_fort,
          infiniplex_staircase_pillars_2
Depths:3: hangedman_arch_fort, hangedman_abyss_entry_splay,
          minmay_misc_feat_enclosed, pf_hell_entry_great_geh, pan_entry,
          grunt_decor_mini_mirrors, serial_sigils_hangedman_shear,
          roderic_serpentine_path, firewood_loft, basic_stair_grate_trap
Depths:4: hangedman_spin_cycle, abyss_entry, serial_shops, hell_entry
Lab:      labyrinth_watery, nicolae_lab_statue, nicolae_lab_blocks,
          nicolae_lab_grate, nicolae_lab_lava, labyrinth_skeletal_remains,
          labyrinth_fake_exit
Trove:    trove_jewel_2

Vanquished Creatures
  2 juggernauts
  A golden dragon
  A tentacled monstrosity
  The ghost of Voda the Peltast, an adept OpAM of Ashenzari
  5 liches
  A titan
  A sphinx
  A shadow dragon
  A tengu reaver
  A storm dragon
  A deep elf sorcerer Maud
  2 iron dragons
  10 fire giants
  3 orc warlords
  6 frost giants Louise
  A spriggan defender
  11 stone giants
  6 very ugly things
  5 vampire knights Nessos
  A spark wasp
  2 vault guards
  8 ettins
  A minotaur
  3 fire dragons
  5 great orbs of eyes
  A deep elf high priest
  4 entropy weavers
  A rakshasa
  4 yaktaur captains
  8 hydras
  2 spriggan air magi
  3 ice dragons
  7 centaur warriors
  3 catoblepae
  8 death yaks
  4 deep troll shamans
  8 tengu warriors
  6 ogre magi
  2 deep troll earth magi
  3 vampire magi
  2 spriggans
  6 orc high priests
  5 spriggan berserkers
  An iron troll
  A storm dragon skeleton
  A golden dragon zombie
  A spark wasp zombie
  2 unseen horrors
  4 giant orange brains
  A flayed ghost
  2 hill giants
  11 deep trolls Pikel
  A swamp dragon
  12 orc knights
  A lindwurm
  A wolf spider
  A wolf spider zombie
  2 deep elf magi
  A frost giant zombie
  2 necromancers
  3 wizards
  3 griffons
  3 orc sorcerers
  A water nymph
  A salamander
  31 ugly things
  2 cyclopes
  11 elephants
  An elf zombie
  The ghost of namelastname112 the Grappler, a novice VSMo of Makhleb Joseph
  3 black mambas
  10 spiny frogs
  3 gargoyles
  6 centaur skeletons
  A spiny frog (shapeshifter)
  11 komodo dragons
  A kobold demonologist
  An efreet
  19 yaktaurs
  3 tengu conjurers
  2 fire drakes
  A merfolk
  A freezing wraith
  A jumping spider
  16 slime creatures
  5 trolls Prince Ribbit
  12 two-headed ogres
  A wolf spider simulacrum
  4 polar bears
  The ghost of yogakurto the Gusty, an amateur HuAE Grinder
  26 blink frogs
  A centaur simulacrum
  3 wraiths Sigmund
  3 water elementals
  13 redbacks
  3 shadows
  A tarantella (shapeshifter)
  3 vampires
  The ghost of slayr the Changer, an amateur VSTm
  2 wyverns
  A tarantella
  48 yaks
  A hill giant zombie
  4 basilisks
  A yak (shapeshifter)
  6 hungry ghosts
  15 hippogriffs
  18 wolves
  6 wargs
  A mottled dragon
  4 nagas
  2 swamp worms
  2 soldier ants
  22 water moccasins
  15 porcupines
  3 swamp drakes
  10 ice beasts
  7 phantoms
  3 wasps
  A black bear
  4 necrophages
  3 slaves
  46 orc warriors
  A black bear (shapeshifter)
  An eye of draining
  27 ogres
  28 centaurs
  20 crocodiles
  6 big kobolds
  A wyvern zombie
  23 giant frogs
  A gnoll sergeant
  A wyvern skeleton
  4 scorpions
  A troll zombie
  A water moccasin skeleton
  15 wights
  20 killer bees
  An electric eel
  4 jellies
  10 centaur zombies
  2 giant frog zombies
  7 crimson imps
  4 giant frog skeletons
  22 orc wizards
  34 orc priests
  9 hounds
  9 iguanas
  4 worker ants
  A killer bee zombie
  17 sheep
  6 ogre zombies
  3 hound skeletons
  A mummy
  8 adders
  9 gnolls
  26 river rats
  2 shadow imps
  A white imp
  A giant eyeball
  2 oozes
  An adder zombie
  3 worms
  4 giant geckos
  96 orcs
  4 giant cockroaches
  7 hobgoblins
  12 jackals
  22 kobolds
  4 quokkas
  A ball python
  10 bats
  4 giant newts
  8 goblins
  2 goblin skeletons
  8 goblin zombies
  A hobgoblin zombie
  A jackal skeleton
  3 orc skeletons
  11 orc zombies
  A quokka skeleton
  21 rats
  45 fungi
  29 plants
1279 creatures vanquished.
